 Dungeon Crawl Stone Soup version 0.25-a0-860-gf695395b5c (webtiles) character file.

Game seed: 771797075700679745, levelgen mode: classic

119 EnegeticOcto the Shield-Bearer (level 4, -7/42 HPs)
             Began as a Deep Dwarf Fighter on Apr 28, 2020.
             Mangled by a gnoll
             ... wielding a +0 halberd
              (10 damage)
             ... on level 2 of the Dungeon.
             The game lasted 00:00:29 (680 turns).

EnegeticOcto the Shield-Bearer (Deep Dwarf Fighter)  Turns: 680, Time: 00:00:29

Health: -7/42      AC:  7    Str: 20    XL:     4   Next: 74%
Magic:  2/2        EV: 11    Int:  9    God:
Gold:   41         SH:  9    Dex: 12    Spells: 3/3 levels left

rFire    . . .     SeeInvis .   a - +0 war axe
rCold    . . .     Gourm    .   c - +0 kite shield
rNeg     . . .     Faith    .   b - +0 scale mail
rPois    .         Spirit   .   (no helmet)
rElec    .         Reflect  .   (no cloak)
rCorr    .         Harm     .   (no gloves)
MR       .....                  (no boots)
Stlth    ..........             (no amulet)
HPRegen  0.00/turn              g - +4 ring of evasion
MPRegen  0.08/turn              (no ring)

@: non-regenerating
A: damage resistance, heal wounds, sense surroundings 1, no regeneration
a: Heal Wounds


You were on level 2 of the Dungeon.
You were not hungry.

You visited 1 branch of the dungeon, and saw 2 of its levels.

You collected 41 gold pieces.

Inventory:

Hand Weapons
 a - a +0 war axe (weapon)
Armour
 b - a +0 scale mail (worn)
 c - a +0 kite shield (worn)
Jewellery
 g - a +4 ring of evasion (left hand)
 o - an uncursed ring of protection from fire {unknown}
Scrolls
 i - a scroll of enchant armour {unknown}
 l - 3 scrolls of random uselessness {unknown}
 m - 2 scrolls of identify {unknown}
 p - a scroll of remove curse {unknown}
Potions
 f - a potion of brilliance {unknown}
 h - a potion of heal wounds {unknown}
 j - 4 potions of curing {unknown}
 k - a potion of might {@q3}
 n - a potion of lignification {unknown}
Comestibles
 d - 2 chunks of flesh
 e - 3 rations


   Skills:
 * Level 3.5 Fighting
 * Level 3.7 Axes
 + Level 3.8 Armour
 + Level 3.9 Shields


You had 3 spell levels left.
You didn't know any spells.
Your spell library was empty.

Dungeon Overview and Level Annotations

Branches:
Dungeon (2/15)

Altars:


Innate Abilities, Weirdness & Mutations

You are resistant to damage.
You can heal yourself by infusing magical energy.
You passively map a small area around you.
You do not regenerate.


Message History

You hit the jackal. You block the jackal's attack.
A gnoll comes into view.
You block the jackal's attack.
The jackal bites you but does no damage.
A gnoll comes into view.
It is wielding a +0 flail and quivering 17 poisoned darts.
The jackal bites you but does no damage.
The gnoll moves out of view.
You hit the jackal.
You kill the jackal!
You hit the jackal.
You kill the jackal!
The gnoll throws a poisoned dart.
You block the poisoned dart.
Things that are here:
a +0 dagger; a jackal corpse A gnoll is nearby!
A gnoll is nearby!
A gnoll is nearby!
A gnoll is nearby!
A gnoll is nearby!
A gnoll is nearby!
The gnoll shouts!
The gnoll throws a poisoned dart.
You block the poisoned dart.
A gnoll comes into view. It is wielding a +0 halberd.
You see here a poisoned dart.
The gnoll shouts!
The gnoll throws a poisoned dart.
The poisoned dart barely misses you.
The gnoll throws a poisoned dart.
The poisoned dart closely misses you.
The gnoll drinks a potion.
The gnoll flickers and vanishes!
Deactivating autopickup; reactivate with Ctrl-A.
Found 20 gold pieces.
You block the gnoll's attack.
Found a scroll labeled ETZEPS ROUMY and 20 gold pieces.
Found a stone staircase leading up.
Your shield prevents you from hitting the gnoll.
You slash the gnoll!
The gnoll hits you but does no damage. x2
You slash the gnoll!
You kill the gnoll!
You barely miss the gnoll. The gnoll misses you. Something hits you.
The gnoll hits you but does no damage.
You hit the gnoll.
The gnoll is moderately wounded.
You block something's attack. The gnoll hits you with a +0 flail!
You hit the gnoll.
The gnoll is heavily wounded.
Something hits you! You block the gnoll's attack.
You are too injured to fight recklessly!
You are too injured to fight recklessly!
You are too injured to fight recklessly!
You are too injured to fight recklessly!
You are too injured to fight recklessly!
You are too injured to fight recklessly!
You are too injured to fight recklessly!
You are too injured to fight recklessly!
You are too injured to fight recklessly!
You are too injured to fight recklessly!
You are too injured to fight recklessly!
You are too injured to fight recklessly!
You are too injured to fight recklessly!
You are too injured to fight recklessly!
You are too injured to fight recklessly!
You are too injured to fight recklessly!
You are too injured to fight recklessly!
You are too injured to fight recklessly!
You are too injured to fight recklessly!
You are too injured to fight recklessly!
You are too injured to fight recklessly!
You are too injured to fight recklessly!
You are too injured to fight recklessly!
Your magical essence is drained by the effort!
You feel much better. Something hits you. The gnoll hits you with a +0 flail!
You hit the gnoll.
The gnoll is severely wounded.
Something hits you! You block the gnoll's attack.
You are too injured to fight recklessly!
You are too injured to fight recklessly!
You are too injured to fight recklessly!
You are too injured to fight recklessly!
You are too injured to fight recklessly!
You are too injured to fight recklessly!
You are too injured to fight recklessly!
You are too injured to fight recklessly!
You are too injured to fight recklessly!
You are too injured to fight recklessly!
You are too injured to fight recklessly!
You hit the gnoll but do no damage.
The gnoll is severely wounded.
Something hits you!
* * * LOW HITPOINT WARNING * * *
You block the gnoll's attack.
You closely miss the gnoll.
The gnoll is severely wounded.
Something hits you!
* * * LOW HITPOINT WARNING * * *
You block the gnoll's attack.
You slash the gnoll!
You kill the gnoll!
Something hits you.
Some of the chunks of flesh in your inventory have rotted away.
Something hits you!
You die...

, * .# ..#.# #.# * * #.
<# #.#.# #.# * #. *.#
#...# ##.. , * #.##.#
#(..# #..# # #.#.., #...#
##.## #.####.#.####(#.#
#..#.
...........(.†#.####.##.
* * *
......♣....()(....#..#..
*
.......@!...#.#..##.##..
*
,.......{>.♣.#.#......###
,
#...........#.#..###...#
#?....♣....##.#..(.###..
PPPP..#....##.#..#...###
$$$....#.#.##.#..###...#
$$$.#..#.#....#..# ###..


$$$P .*.#### #..#* *##. ,, * , .......... There were no monsters in sight!

Vanquished Creatures
  Natasha (D:2)
  3 gnolls
  2 adders (D:2)
  2 worms (D:2)
  2 dart slugs (D:1)
  2 ball pythons (D:2)
  7 bats
  A giant cockroach (D:2)
  5 goblins
  4 hobgoblins
  3 jackals (D:2)
  2 frilled lizards
  3 kobolds (D:2)
  4 rats
41 creatures vanquished.

Vanquished Creatures (others)
  4 toadstools (D:2)
4 creatures vanquished.

Grand Total: 45 creatures vanquished

Notes
Turn   | Place    | Note
-------+----------+-------------------------------------------
     0 | D:1      | EnegeticOcto the Deep Dwarf Fighter began the quest for the
                  | Orb.
     0 | D:1      | Reached XP level 1. HP: 20/20 MP: 1/1
   136 | D:1      | Reached XP level 2. HP: 25/27 MP: 2/2
   283 | D:2      | Reached XP level 3. HP: 23/34 MP: 3/3
   578 | D:2      | Reached XP level 4. HP: 32/42 MP: 3/3
   654 | D:2      | Noticed Natasha
   661 | D:2      | Killed Natasha
   680 | D:2      | Mangled by a gnoll

Levels and vault maps discovered:
D:1:      mainiacjoe_arrival_reflecting_pool, layout_basic,
          chequers_serial_rivers_room_b, minmay_misc_feat_secret_circle,
          minmay_heptomino_d4
D:2:      minmay_skewed_foursquare, layout_basic, overflow_temple_1_default,
          gammafunk_temple_overflow_pools, minmay_gold_behind_fungi,
          st_stairs_4, palyth_stone_intersect, grunt_ministairs_1,
          minmay_small_reverse_x, uniq_sigmund, uniq_natasha

Skill      XL: |  1  2 |
---------------+-------+-----
Fighting       | 3 |  3.5
Axes           | 3 |  3.7
Armour         | |  3.8
Shields        | |  3.9

Action                   |  1- 3 |  4- 6 || total
-------------------------+-------+-------++-------
Melee: War axe           |   107 |    23 ||   130
 Abil: Heal Wounds       |     1 |     1 ||     2
Armor: Scale mail        |    46 |    10 ||    56
Dodge: Dodged            |    52 |    11 ||    63
Block: Kite shield       |    50 |    23 ||    73

Table legend:
 A = Non-vault XP
 B = Vault XP
 C = Vault XP percentage of total XP
 D = Non-vault monster count
 E = Vault monster count
 F = Vault count percentage of total count
                 A         B        C        D         E       F
            +---------+---------+-------+---------+---------+-------
      Total |     100 |      71 |  41.5 |      26 |      15 |  36.6
            +---------+---------+-------+---------+---------+-------
        D:1 |      37 |       0 |   0.0 |      12 |       0 |   0.0
        D:2 |      63 |      71 |  53.0 |      14 |      15 |  51.7
            +---------+---------+-------+---------+---------+-------
